 Dungeon Crawl Stone Soup version 0.29-a0-483-g69413ace17 (webtiles) character file.

Game seed: 208231307394760879

24 omgfake the Cudgeller (level 2, -1/25 HPs)
             Began as a Minotaur Gladiator on May 25, 2022.
             Slain by a white imp (3 damage)
             ... summoned by Natasha
             ... on level 2 of the Dungeon.
             The game lasted 00:02:42 (970 turns).

omgfake the Cudgeller (Minotaur Gladiator)           Turns: 970, Time: 00:02:43

Health: -1/25      AC:  3    Str: 18    XL:     2   Next: 79%
Magic:  10/10      EV: 12    Int:  5    God:
Gold:   78         SH:  0    Dex: 11    Spells: 1/1 levels left

rFire   . . .      SeeInvis .   a - +0 flail
rCold   . . .      Faith    .   (no shield)
rNeg    . . .      Spirit   .   b - +0 leather armour
rPois   .          Reflect  .   c - +0 hat
rElec   .          Harm     .   (no cloak)
rCorr   .          Rampage  .   (no gloves)
Will    .....                   (no boots)
Stlth   +.........              (no amulet)
HPRegen 0.08/turn               g - ring of magical power
MPRegen 0.12/turn               (no ring)

@: slowed, very slow
A: horns 2, retaliatory headbutt
a: no special abilities


You were on level 2 of the Dungeon.
You visited 1 branch of the dungeon, and saw 2 of its levels.

You collected 78 gold pieces.

Inventory:

Hand Weapons
 a - a +0 flail (weapon)
Armour
 b - a +0 leather armour (worn)
 c - a +0 hat (worn)
Jewellery
 g - a ring of magical power (left hand)
Scrolls
 f - 2 scrolls of identify {unknown}
 h - 3 scrolls of fog {unknown}
 j - a scroll of enchant armour {unknown}
 k - a scroll of teleportation {unknown}
Potions
 d - a potion of heal wounds {unknown}
 i - a potion of ambrosia {unknown}


   Skills:
 + Level 2.9 Fighting
 + Level 4.0 Maces & Flails
 - Level 2.0 Throwing
 + Level 1.3 Armour
 + Level 3.6 Dodging


You had one spell level left.
You didn't know any spells.
Your spell library contained the following spells:

 Spells                   Type           Power      Damage    Failure   Level
 Confusing Touch          Hex            0%         N/A       88%         3
 Yara's Violent Unravell  Hex/Tmut       0%         3d3       100%        5
 Enfeeble                 Hex            0%         N/A       100%        7


Dungeon Overview and Level Annotations

Branches:
Dungeon (2/15)

Altars:

Annotations:
D:2 Jessica, Natasha


Innate Abilities, Weirdness & Mutations

You have a pair of horns on your head.
You reflexively headbutt those who attack you in melee.


Message History

Nothing quivered!
Nothing quivered!
Nothing quivered!
Nothing quivered!
Nothing quivered!
Nothing quivered!
Nothing quivered!
Okay, then.
Okay, then.
Found a stone staircase leading down.
Jessica says, "Why did you come here?" Jessica hits you with a +0 club.
Natasha, Servant of Life and Death comes into view.
Natasha hisses angrily.
You hit Jessica.
Jessica is heavily wounded.
Jessica mumbles some strange words.
Jessica blinks!
You barely miss Jessica. You headbutt Jessica.
Jessica is severely wounded.
Jessica points at you and mumbles some strange words.
You feel yourself slow down.
You closely miss Jessica.
Jessica is severely wounded.
Jessica hits you with a +0 club. x2
Natasha casts a spell.
You barely miss Jessica.
Jessica is severely wounded.
Jessica hits you but does no damage.
Natasha hisses.
Natasha claws you. The white imp gestures at you. The puff of frost hits you!
* * * LOW HITPOINT WARNING * * *
Jessica gestures wildly while chanting.
Jessica blinks!
Natasha claws you but does no damage. The white imp attacks as you move away!
The white imp hits you.
* * * LOW HITPOINT WARNING * * *
The white imp freezes you.
You die...

... .>. .>.
#.## ...# #..#
#§h# #. #@.# .
#.##.5#
.##.....#
.....##.#####
..##..#.....###
#.#@.......
#...#...###
###..#......
#..)........


You could see Natasha, a white imp (summoned) and Jessica.

Vanquished Creatures
  4 endoplasms (D:1)
  2 giant cockroaches (D:1)
  4 hobgoblins
  2 quokkas
  A ball python (D:1)
  A bat (D:1)
  3 frilled lizards (D:1)
  2 kobolds
  3 rats (D:1)
22 creatures vanquished.

Notes
Turn   | Place    | Note
-------+----------+-------------------------------------------
     0 | D:1      | omgfake the Minotaur Gladiator began the quest for the Orb.
     0 | D:1      | Reached XP level 1. HP: 18/18 MP: 0/0
   212 | D:1      | Reached XP level 2. HP: 22/25 MP: 1/1
   326 | D:1      | Reached skill level 1 in Armour
   729 | D:1      | Reached skill level 4 in Maces & Flails
   962 | D:2      | Noticed Jessica
   965 | D:2      | Noticed Natasha
   970 | D:2      | Slain by a white imp

Illustrated notes

Levels and vault maps discovered:
D:1:      scummos_arrival_hexagon, layout_loops_ring
D:2:      layout_basic, uniq_natasha, uniq_jessica

Skill      XL: |  1  2 |
---------------+-------+-----
Armour         | 1 |  1.3
Maces & Flails | 4 |  4.0
Fighting       | |  2.9
Throwing       | |  2.0
Dodging        | |  3.6

Action                   || total
-------------------------++-------
Melee: Flail             ||    35
       Headbutt          ||     2
Throw: Throwing net      ||     5
       Javelin           ||     2
Armor: Leather armour    ||     6
Dodge: Dodged            ||    18

Table legend: (Time is in decaauts)
 A = Elapsed time spent in this place.
 B = Non-inter-level travel time spent in this place.
 C = Inter-level travel time spent in this place.
 D = Time resting spent in this place.
 E = Time spent auto-exploring this place.
 F = Levels seen in this place.
 G = Mean time per level.
                   A        B        C        D        E       F      G
               +--------+--------+--------+--------+--------+-----+--------+
         Total |    978 |    953 |     25 |    159 |    650 |   2 |  489.0 |
       Dungeon |    978 |    953 |     25 |    159 |    650 |   2 |  489.0 |
               +--------+--------+--------+--------+--------+-----+--------+

Top non-repeatable levels by time:
     D:1: 863 daAuts
     D:2: 114 daAuts
